 Dungeon Crawl Stone Soup version 0.30.1-4-g462c640d31 (webtiles) character file.

Game seed: 1853881036534677255

17741 Kurtz the Cleaver (level 12, -21/71 HPs)
             Began as a Tengu Fighter on Sept 18, 2023.
             Was a High Priest of Okawaru.
             Demolished by an enormous slime creature (60 damage)
             ... on level 12 of the Dungeon.
             The game lasted 00:23:29 (11748 turns).

Kurtz the Cleaver (Tengu Fighter)                  Turns: 11748, Time: 00:23:30

Health: -21/71     AC: 16    Str: 24    XL:     12   Next: 51%
Magic:  16/16      EV: 16    Int: 13    God:    Okawaru [*****.]
Gold:   564        SH: 20    Dex: 20    Spells: 11/11 levels left

rFire   . . .        M - +2 broad axe of Massacring {flame, *Rage rPois rN+ SInv}
rCold   x . .        u - +2 tower shield {AC+3}
rNeg    + + .        b - +5 ring mail of the Stag {rElec Str+4 Int-3}
rPois   +            m - +0 hat
rElec   +            I - +0 cloak
rCorr   .            K - +0 pair of gloves
SInv    +            (boots unavailable)
Will    .....        (no amulet)
Stlth   +            n - +6 ring of dexterity
HPRegen 0.31/turn    N - ring of Duros {rElec rC- rN+ Int+6 Slay+4}
MPRegen 0.15/turn

%: random rage (20%)
@: on berserk cooldown, flying quickly and evasively, quick
A: beak, talons 3, nimble flight
a: Renounce Religion, Heroism, Finesse, Duel


You were on level 12 of the Dungeon.
You worshipped Okawaru.
Okawaru was extremely pleased with you.
You visited 1 branch of the dungeon, and saw 12 of its levels.
You also visited: Bailey and Gauntlet.

You collected 744 gold pieces.
You spent 180 gold pieces at shops.

Inventory:

Hand Weapons
 a - a +0 war axe of protection
 y - a +0 whip of electrocution
 M - the +2 broad axe of Massacring (weapon) {flame, *Rage rPois rN+ SInv}
   (Okawaru gifted it to you on level 11 of the Dungeon)

   rPois:     It protects you from poison.
   rN:        It protects you from negative energy.
   SInv:      It lets you see invisible.
   *Rage:     It berserks you when you make melee attacks (+20% chance).
Missiles
 B - 25 poisoned darts (quivered)
 E - a throwing net
Armour
 b - the +5 ring mail of the Stag (worn) {rElec Str+4 Int-3}
   (You found it on level 4 of the Dungeon)

   Str:       It affects your strength (+4).
   Int:       It affects your intelligence (-3).
   rElec:     It insulates you from electricity.
 m - a +0 hat (worn)
 q - a +0 chain mail of positive energy
 u - a +2 tower shield of protection (worn)
 I - a +0 cloak (worn)
 K - a +0 pair of gloves (worn)
 L - +0 acid dragon scales
Jewellery
 n - a +6 ring of dexterity (left hand)
 D - a +6 ring of dexterity
 N - the ring of Duros (right hand) {rElec rC- rN+ Int+6 Slay+4}
   (You found it in a Gauntlet)

   [ring of intelligence]

   Int:       It affects your intelligence (+6).
   Slay:      It affects your accuracy & damage with ranged weapons and melee
   (+4).
   rC:        It makes you vulnerable to cold.
   rElec:     It insulates you from electricity.
   rN:        It protects you from negative energy.
 O - a ring of magical power
Wands
 t - a wand of flame (19)
 x - a wand of mindburst (7)
Scrolls
 c - 3 scrolls of amnesia
 f - 2 scrolls of vulnerability
 j - 2 scrolls of fear
 r - 6 scrolls of teleportation
 s - 4 scrolls of fog
 w - a scroll of noise
 C - a scroll of enchant armour
 G - a scroll of brand weapon
 J - a scroll of poison
Potions
 d - 8 potions of might
 e - 2 potions of invisibility {unknown}
 g - 7 potions of heal wounds
 h - 5 potions of magic {unknown}
 i - 8 potions of mutation {unknown}
 k - 2 potions of ambrosia
 l - 4 potions of attraction {unknown}
 o - 2 potions of degeneration {unknown}
 p - 6 potions of curing
 v - 6 potions of cancellation {unknown}
 z - 3 potions of brilliance {unknown}
 A - a potion of lignification {unknown}
 F - 2 potions of resistance
 H - 2 potions of flight {unknown}


   Skills:
 * Level 6.9 Fighting
 * Level 14.6 Axes
 - Level 3.2 Armour
 * Level 6.9 Dodging
 * Level 11.2 Shields
 * Level 5.3 Invocations


You had 11 spell levels left.
You didn't know any spells.
Your spell library contained the following spells:

 Spells                   Type           Power      Damage    Failure   Level
 Shock                    Conj/Air       0%         1d3       83%         1
 Blink                    Tloc           0%         N/A       93%         2
 Cigotuvi's Dreadful Rot  Necr/Pois/Air  0%         N/A       93%         2
 Lesser Beckoning         Tloc           0%         N/A       93%         2
 Momentum Strike          Conj/Tloc      0%         3d8       93%         2
 Poisonous Vapours        Pois/Air       0%         N/A       93%         2
 Sublimation of Blood     Necr           0%         N/A       93%         2
 Wereblood                Tmut           0%         N/A       93%         2
 Ignite Poison            Fire/Tmut/Pois 0%         N/A       99%         3
 Mephitic Cloud           Conj/Pois/Air  0%         N/A       99%         3
 Swiftness                Air            0%         N/A       99%         3
 Airstrike                Air            0%         2d(0-16)  100%        4
 Passage of Golubria      Tloc           0%         N/A       100%        4
 Freezing Cloud           Conj/Ice/Air   0%         6-21      100%        5
 Yara's Violent Unravell  Hex/Tmut       0%         3d3       100%        5
 Tukima's Dance           Hex            Unusable   N/A       N/A         3
 Summon Hydra             Summ           Unusable   N/A       N/A         7

Dungeon Overview and Level Annotations

Branches:
Dungeon (12/15)            Temple (0/1) D:6            Lair (0/5) D:8
    Orc (0/2) D:10         Bailey (visited)         Gauntlet (visited)

Altars:
Ashenzari
Cheibriados
Elyvilon
Fedhas
Gozag
Kikubaaqudgha
Nemelex Xobeh
Okawaru
Ru
Trog
Uskayaw
Vehumet
Yredelemnul
Zin
The Shining One

Shops:
D:2 *   D:4 *[!(!

Portals:
Trove: D:11 (give +3 gold dragon scales)

Annotations:
D:10 exclusion: 2 oklob plants


Innate Abilities, Weirdness & Mutations

You have a beak for a mouth.
You have claws for feet.
Your magical nature lets you fly swiftly and evasively.


Message History

Two slime creatures merge to form a very large slime creature.
You slash the very large slime creature!
You burn the very large slime creature.
Your kick misses the very large slime creature.
You peck the very large slime creature.
The very large slime creature is lightly wounded.
You hit the very large slime creature but do no damage.
The very large slime creature is lightly wounded.
The very large slime creature completely misses you.
Two slime creatures merge to form an enormous slime creature.
Unknown command.
You slash the enormous slime creature! You burn the enormous slime creature.
You peck the enormous slime creature!
The enormous slime creature is lightly wounded.
An enormous slime creature splits.
You slash the large slime creature! You burn the large slime creature.
You peck the large slime creature.
The large slime creature is moderately wounded.
You slash the large slime creature! You burn the large slime creature.
The large slime creature hits you!!
You block the large slime creature's attack.
Unknown command.
You slash the large slime creature! You burn the large slime creature.
You claw the large slime creature! You peck the large slime creature.
The large slime creature is heavily wounded.
You slash the large slime creature! You burn the large slime creature.
The large slime creature hits you. The large slime creature hits you!
The large slime creature misses you.
You block the large slime creature's attack.
Unknown command.
The large slime creature attacks as you move away!
You block the large slime creature's attack.
Two slime creatures merge to form an enormous slime creature.
The enormous slime creature attacks as you move away!
The enormous slime creature closely misses you.
You block the enormous slime creature's attack.
You feel yourself speed up. The enormous slime creature hits you!!!
Ouch! That really hurt!
You die...

##.........,,,,,,,,,***
.#§≈§...§§§≈≈§........##
...≈≈≈.≈≈§§≈§≈.........#
##.≈≈..#≈#+#≈≈.........#
*##≈≈#.....§≈≈.........# *
#§≈###≈#.≈≈≈≈.......###
**#§≈≈§≈≈≈≈.≈≈≈.......#.#
,*#.≈≈###≈#.≈§§.........#
,,#.≈≈#..≈#.#§§.@.......#
,,#.≈≈.#....#§§§)J...#..#
....§≈§≈.§≈§§≈§§§.......#
....§≈§#+####§§§§##.....##
.....§≈#,,...#≈≈####.....#
...##≈≈≈*#.#+#§≈# ##...##
..#*#≈≈≈≈§~~.≈≈≈# #..##
..* #≈≈##**#+#≈≈# ##..#
.** #≈≈#,,,,,#≈≈# #..##


You could see an enormous slime creature.

Vanquished Creatures
  A minotaur (Gauntlet)
  Harold (D:9)
  A boulder beetle (D:12)
  3 two-headed ogres
  A wizard (Gauntlet)
  2 orc knights
  A cyclops (D:12)
  Maggie (D:7)
  An unseen horror (D:11)
  A minotaur zombie (Gauntlet)
  2 gargoyles
  4 trolls
  3 meliai (Gauntlet)
  Grinder (D:4)
  4 shadows (Gauntlet)
  2 vampires (D:11)
  A wraith (D:11)
  A fire bat (D:4)
  21 yaks
  2 wyverns
  2 fire elementals (D:12)
  A steam dragon (D:9)
  An acid dragon (D:11)
  A water moccasin (D:5)
  An orc warrior (D:12)
  A black bear (D:7)
  3 ice beasts
  3 boggarts
  An ogre (D:12)
  9 centaurs
  A phantom (D:5)
  3 kobold brigands
  4 bullfrogs
  3 scorpions
  5 wights
  Dowan (D:6)
  4 killer bees
  An electric eel (D:12)
  4 howler monkeys
  5 orc priests
  6 hounds
  5 jellies
  A sleepcap (D:5)
  Jessica (D:3)
  Natasha (D:2)
  2 iguanas
  18 orc wizards
  13 gnolls
  5 adders
  3 shadow imps
  2 white imps
  2 ufetubi
  4 worms
  3 dart slugs
  48 orcs
  5 ball pythons
  6 endoplasms
  5 giant cockroaches
  9 goblins
  6 hobgoblins
  4 quokkas
  7 bats
  2 frilled lizards
  19 kobolds
  5 rats
  A spectral orc (D:4)
291 creatures vanquished.

Notes
Turn   | Place    | Note
-------+----------+-------------------------------------------
     0 | D:1      | Kurtz the Tengu Fighter began the quest for the Orb.
     0 | D:1      | Reached XP level 1. HP: 14/14 MP: 2/2
    52 | D:1      | Reached skill level 3 in Axes
    52 | D:1      | Reached XP level 2. HP: 12/19 MP: 3/3
   309 | D:1      | Reached XP level 3. HP: 13/23 MP: 4/4
   385 | D:1      | Reached skill level 4 in Axes
   925 | D:2      | Reached XP level 4. HP: 28/28 MP: 5/5
  1170 | D:2      | Reached skill level 5 in Axes
  1225 | D:2      | Found Xastoph's Assorted Antiques.
  1389 | D:2      | Noticed Natasha
  1396 | D:2      | Killed Natasha
  1496 | D:3      | Gained mutation: Your magical nature lets you fly swiftly
                  | and evasively. [Tengu growth]
  1496 | D:3      | Reached XP level 5. HP: 32/32 MP: 6/6
  1695 | D:3      | Noticed Jessica
  1699 | D:3      | Killed Jessica
  1700 | D:3      | Reached skill level 6 in Axes
  1738 | D:3      | Found a blossoming altar of Fedhas.
  1781 | D:3      | Found an opulent altar of Gozag.
  2239 | D:4      | Found Vofinahi's Weapon Shoppe.
  2255 | D:4      | Identified the +5 ring mail of the Stag {rElec Str+4 Int-3}
  2271 | D:4      | Found Xoemmymo's Distillery.
  2356 | D:4      | Found Zealij's Distillery.
  2382 | D:4      | Noticed Grinder
  2615 | D:5      | Entered Level 5 of the Dungeon
  2755 | D:5      | Reached XP level 6. HP: 35/37 MP: 7/7
  2879 | D:5      | Reached skill level 7 in Axes
  2885 | D:5      | Noticed a water moccasin
  2888 | D:5      | a water moccasin changed into a wyvern
  2888 | D:5      | Noticed a wyvern
  2895 | D:5      | Killed a wyvern
  2896 | D:5      | Reached skill level 8 in Axes
  2896 | D:5      | Reached XP level 7. HP: 41/41 MP: 8/8
  2956 | D:5      | Found a sparkling altar of Nemelex Xobeh.
  3091 | D:5      | Found an iron altar of Okawaru.
  3099 | D:5      | Became a worshipper of Warmaster Okawaru
  3145 | D:5      | Found a snail-covered altar of Cheibriados.
  3277 | D:5      | Reached skill level 9 in Axes
  3355 | D:5      | Reached XP level 8. HP: 40/46 MP: 9/9
  3645 | D:4      | Noticed Eustachio
  3647 | D:4      | Eustachio changed into Eustachio the fire bat
  3647 | D:4      | Noticed Eustachio
  3653 | D:4      | Killed Eustachio the fire bat
  3653 | D:4      | Reached * piety under Okawaru
  3654 | D:4      | Reached skill level 10 in Axes
  3673 | D:4      | Found Huqogrimo's General Store.
  3682 | D:4      | Found a sacrificial altar of Ru.
  3772 | D:4      | Killed Grinder
  3816 | D:4      | Found a basalt altar of Yredelemnul.
  3888 | D:4      | Found Olyaxtah's Antique Armour Boutique.
  3896 | D:4      | Bought a glowing tower shield for 180 gold pieces
  4091 | D:6      | Noticed Duvessa
  4091 | D:6      | Noticed Dowan
  4108 | D:6      | Duvessa changed into Duvessa the steam dragon
  4108 | D:6      | Noticed Duvessa
  4202 | D:6      | Noticed Sigmund
  4203 | D:6      | Sigmund changed into Sigmund the ice beast
  4203 | D:6      | Noticed Sigmund
  4211 | D:6      | Killed Sigmund the ice beast
  4212 | D:6      | Reached skill level 11 in Axes
  4223 | D:6      | Reached skill level 1 in Dodging
  4273 | D:6      | Duvessa the steam dragon changed into Duvessa the killer
                  | bee
  4273 | D:6      | Noticed Duvessa
  4278 | D:6      | Killed Duvessa the killer bee
  4294 | D:6      | Killed Dowan
  4295 | D:6      | Reached skill level 1 in Invocations
  4514 | D:6      | Found a staircase to the Ecumenical Temple.
  4628 | D:6      | Reached ** piety under Okawaru
  4629 | D:6      | Reached XP level 9. HP: 47/51 MP: 9/11
  4698 | D:6      | Found a hide-covered altar of Uskayaw.
  5578 | D:7      | Noticed Maggie
  5588 | D:7      | Killed Maggie
  5728 | D:7      | Noticed a two-headed ogre
  5754 | D:7      | Killed a two-headed ogre
  5755 | D:7      | Reached skill level 12 in Axes
  5755 | D:7      | Reached skill level 5 in Shields
  5975 | D:7      | Reached *** piety under Okawaru
  6086 | D:7      | Reached XP level 10. HP: 58/58 MP: 13/13
  6940 | D:8      | Noticed a two-headed ogre
  6951 | D:8      | Killed a two-headed ogre
  6952 | D:8      | Reached skill level 5 in Fighting
  7064 | D:8      | Reached **** piety under Okawaru
  7088 | D:8      | Found a staircase to the Lair.
  7324 | D:8      | Reached skill level 13 in Axes
  7329 | D:9      | Noticed Harold
  7347 | D:9      | Killed Harold
  7463 | D:9      | Found a flagged portal.
  7473 | Bailey   | Entered a bailey
  7677 | Bailey   | Noticed an orc knight
  7709 | Bailey   | Killed an orc knight
  7955 | D:9      | Reached skill level 5 in Dodging
  8272 | D:9      | Found a bloodstained altar of Trog.
  8418 | D:9      | Reached XP level 11. HP: 64/64 MP: 14/14
  8545 | D:9      | Found a broken altar of Ashenzari.
  8644 | D:10     | Entered Level 10 of the Dungeon
  8697 | D:10     | Reached ***** piety under Okawaru
  8817 | D:10     | Found a radiant altar of Vehumet.
  8820 | D:10     | Found an ancient bone altar of Kikubaaqudgha.
  8996 | D:10     | Found a staircase to the Orcish Mines.
  9058 | D:10     | Noticed an oklob plant
  9142 | D:10     | Noticed an oklob plant
  9313 | D:10     | Found a white marble altar of Elyvilon.
  9313 | D:10     | Found a glowing silver altar of Zin.
  9313 | D:10     | Found a glowing golden altar of the Shining One.
  9642 | D:11     | Noticed a two-headed ogre
  9649 | D:11     | Noticed a boulder beetle
 10017 | D:11     | Identified the +2 broad axe of Massacring {flame, *Rage
                  | rPois rN+ SInv} (Okawaru gifted it to you on level 11 of
                  | the Dungeon)
 10017 | D:11     | Received a gift from Okawaru
 10158 | D:11     | Reached skill level 10 in Shields
 10460 | D:11     | Found a portal to a secret trove of treasure.
 10602 | D:12     | Noticed a two-headed ogre
 10611 | D:12     | Killed a two-headed ogre
 10623 | D:12     | Found a gate leading to a gauntlet.
 10650 | Gauntlet | Entered a Gauntlet
 10650 | Gauntlet | Found a transporter.
 10652 | Gauntlet | Noticed a wizard
 10662 | Gauntlet | Found a transporter.
 10663 | Gauntlet | Found a transporter.
 10666 | Gauntlet | Noticed a fire crab
 10674 | Gauntlet | Found a transporter.
 10677 | Gauntlet | Found a transporter.
 10682 | Gauntlet | Noticed a wizard
 10683 | Gauntlet | Noticed a wizard
 10685 | Gauntlet | Found a transporter.
 10706 | Gauntlet | Found a transporter.
 10717 | Gauntlet | Found a transporter.
 10726 | Gauntlet | Noticed a ghost crab
 10729 | Gauntlet | Found a transporter.
 10751 | Gauntlet | Found a transporter.
 10764 | Gauntlet | Found a transporter.
 10764 | Gauntlet | Found a transporter.
 10811 | Gauntlet | Found a transporter.
 10825 | Gauntlet | Found a transporter.
 10909 | Gauntlet | Killed a wizard
 10909 | Gauntlet | Identified the +3 robe of the Transparent God {rPois rF-
                  | rC+++ rCorr} (Okawaru gifted it to you in a Gauntlet)
 10909 | Gauntlet | Received a gift from Okawaru
 10910 | Gauntlet | Reached XP level 12. HP: 71/71 MP: 16/16
 10998 | Gauntlet | Reached skill level 14 in Axes
 11052 | Gauntlet | Identified the ring of Duros {rElec rC- rN+ Int+6 Slay+4}
 11082 | Gauntlet | Identified the +5 leather armour "Ryuwn" {rN+++ rCorr Str-5
                  | Dex+2}
 11082 | Gauntlet | Noticed a minotaur
 11096 | Gauntlet | Killed a minotaur
 11097 | Gauntlet | Reached skill level 5 in Invocations
 11379 | D:12     | Noticed a boulder beetle
 11384 | D:12     | Killed a boulder beetle
 11748 | D:12     | Demolished by an enormous slime creature

Illustrated notes

Levels and vault maps discovered:
D:1:      minmay_arrival_three_doors, layout_loops_ring, minmay_tripent
D:2:      layout_loops_ring, serial_shops, shop, uniq_natasha
D:3:      layout_rooms, fedhas_altar_3, lemuel_round_altar, uniq_jessica
D:4:      layout_loops_cross, yredelemnul_forgotten_temple_becter,
          overflow_temple_1_default, serial_shops, kennysheep_mini, shop, shop,
          nicolae_shop_crystal, shop, uniq_grinder, uniq_eustachio
D:5:      layout_cave_pools, lemuel_coloured_pillars_altar,
          nemelex_spade_bored_becter, amcnicky_altar_gilded
D:6:      layout_basic, nicolae_uskayaw_murder_on_the_dancefloor,
          minmay_temple_entry_overgrown, serial_co_window_serial,
          co_window_paths_b, co_window_paths_b, co_window_corner_a,
          co_window_paths_a, co_window_corner_a, co_window_corner_a,
          co_window_corner_b, co_window_paths_c, co_window_2corner,
          co_window_of_opportunity_b, co_window_paths_c, co_window_paths_c,
          co_window_cross_2, glass_columns_c, glass_columns_a, glass_columns_b,
          glass_columns_a, glass_columns_a, minmay_misc_feat_chi,
          hangedman_abyss_or_decor_passed, uniq_sigmund, uniq_duvessa
D:7:      minmay_inner_zag, layout_basic, minmay_a_box_with_orc_wizards_in_it,
          uniq_maggie
D:8:      layout_cave_pools, dpeg_oklobed_lair
D:9:      layout_roguey, mainiacjoe_overflow_brackets,
          mainiacjoe_overflow_catwalk, enter_bailey_8, grunt_ministairs_2,
          uniq_harold
D:10:     layout_basic, dreamdust_divine_triumvirate,
          mainiacjoe_overflow_catwalk_spiral, david_orc_3, disabler_island
D:11:     layout_irregular_city, nicolae_trove_entry_diagonal
D:12:     cheibrodos_lost_city_excavation, layout_cave_pods,
          gammafunk_ghost_wrathful_warriors, gauntlet_entry_generic,
          lightli_minifort

Skill      XL: |  1  2  3  4  5  6  7  8  9 10 11 12 |
---------------+-------------------------------------+-----
Axes           | 3 4 5 6 8 9 11 12 13 14 | 14.6
Dodging        | 1 3 5 6 |  6.9
Invocations    | 1 2 3 4 5 |  5.3
Shields        | 5 8 10 11 | 11.2
Fighting       | 4 5 6 |  6.9
Armour         | |  3.2

Action                     |  1- 3 |  4- 6 |  7- 9 | 10-12 || total
---------------------------+-------+-------+-------+-------++-------
  Melee: War axe           |    76 |   113 |   178 |    46 ||   413
         Kick              |    15 |    24 |    44 |   178 ||   261
         Peck              |     6 |    21 |    30 |   120 ||   177
         Whip              |       |       |       |   359 ||   359
         Broad axe         |       |       |       |    95 ||    95
 Invoke: Heroism           |       |       |     3 |     3 ||     6
  Evoke: Wand              |       |     2 |    10 |     6 ||    18
    Use: Potion            |     1 |       |     1 |     1 ||     3
         Scroll            |       |       |       |    12 ||    12
   Stab: Sleeping          |       |       |     1 |       ||     1
         Distracted        |       |       |       |     1 ||     1
 Armour: Scale mail        |    43 |    13 |       |       ||    56
         Chain mail        |       |    24 |       |       ||    24
         Ring mail         |       |     7 |    57 |    82 ||   146
  Dodge: Dodged            |    29 |    43 |    72 |   132 ||   276
  Block: Buckler           |    17 |    31 |     8 |       ||    56
         Tower shield      |       |       |   107 |   416 ||   523
